 Dungeon Crawl Stone Soup version 0.19.1 (webtiles) character file.

7723 nikopol the Cleaver (level 11, -5/103 HPs)
             Began as a Gargoyle Berserker on Dec 18, 2016.
             Was an Elder of Trog.
             Slain by Urug
             ... wielding a +2 great sword of flaming
              (18 damage)
             ... on level 10 of the Dungeon.
             The game lasted 00:28:54 (11021 turns).

nikopol the Cleaver (Gargoyle Berserker)           Turns: 11021, Time: 00:28:55

Health: -5/103     AC: 19    Str: 26    XL:     11   Next: 19%
Magic:  11/11      EV: 13    Int:  8    God:    Trog [****..]
Gold:   762        SH:  0    Dex: 12    Spells: 0 memorised, 10 levels left

rFire  + . .     SeeInvis .     a - +0 hand axe
rCold  . . .     Gourm    .     y - +0 scale mail
rNeg   + . .     Faith    .     (no shield)
rPois  ∞         Spirit   .     p - +0 helmet
rElec  +         Reflect  .     (no cloak)
rCorr  +         Harm     .     l - +0 pair of gloves
MR     .....                    J - +0 pair of boots
Stlth  ..........               (no amulet)
                                E - ring of protection from fire
                                v - ring of resist corrosion

@: berserking (expiring), very quick
A: negative energy resistance 1, electricity resistance, unbreathing,
petrification resistance, rot immunity, AC +7
a: Berserk, Trog's Hand, Brothers in Arms, Burn Spellbooks, Renounce Religion


You were on level 10 of the Dungeon.
You worshipped Trog.
Trog was greatly pleased with you.
You were very hungry.

You visited 1 branch of the dungeon, and saw 10 of its levels.

You collected 762 gold pieces.

Inventory:

Hand Weapons
 a - a +0 hand axe (weapon)
 z - a +0 shortbow
 N - a +0 shortbow of velocity
Missiles
 m - 265 arrows (quivered)
Armour
 b - a +0 animal skin
 l - a +0 pair of gloves (worn)
 p - a +0 helmet (worn)
 y - a +0 scale mail (worn)
 J - a +0 pair of boots (worn)
Rods
 k - a -1 rod of clouds (11/11)
   (You found it on level 5 of the Dungeon)
Jewellery
 v - a ring of resist corrosion (left hand)
 E - a ring of protection from fire (right hand)
Wands
 d - a wand of disintegration (11/24)
 w - a wand of disintegration (20/24)
 C - a wand of lightning (8/15)
Scrolls
 e - 3 scrolls of remove curse {unknown}
 f - 6 scrolls of noise {unknown}
 h - 8 scrolls of identify
 n - 3 scrolls of enchant armour {unknown}
 o - 4 scrolls of random uselessness {unknown}
 q - 2 scrolls of teleportation {unknown}
 r - 5 scrolls of recharging {unknown}
 x - 2 scrolls of fog {unknown}
 A - a scroll of enchant weapon {unknown}
 K - 2 scrolls of immolation {unknown}
 O - 2 scrolls of magic mapping {unknown}
 Q - a scroll of fear {unknown}
Potions
 g - a potion of mutation
 i - 2 potions of heal wounds
 j - 5 potions of brilliance {unknown}
 s - 3 potions of lignification {unknown}
 t - a potion of might {unknown}
 u - a potion of resistance {unknown}
 B - a potion of haste {unknown}
 D - 3 potions of curing {unknown}
 G - 2 potions of cure mutation {unknown}
 L - a potion of flight {unknown}
 P - a potion of degeneration {unknown}
Books
 M - a book of Cantrips

   Spells                             Type                      Level
   a - Confusing Touch                Hexes                        1
   b - Animate Skeleton               Necromancy                   1
   c - Summon Small Mammal            Summoning                    1
   d - Apportation                    Translocation                1
   Trog disapproves of the use of such an item.
Comestibles
 c - 8 bread rations
 H - 10 slices of pizza
 I - 12 fruits


   Skills:
 + Level 8.4 Fighting
 * Level 8.9 Axes
 * Level 7.9 Bows
 + Level 7.6 Armour
 + Level 5.9 Dodging


You had 10 spell levels left.
You didn't know any spells.

Dungeon Overview and Level Annotations

Branches:
Dungeon (10/15)            Temple (0/1) D:4            Lair (0/6) D:9
    Orc: D:9-12

Altars:
Dithmenos
Kikubaaqudgha
Makhleb
Trog
Zin

Shops:
D:5 :   D:7 !   D:8 !

Annotations:
D:10 Urug


Innate Abilities, Weirdness & Mutations

You are resistant to torment.
Your stone body is resilient. (AC +7)
You are immune to poison.
You resist negative energy. (rN+)
You are resistant to electric shocks. (rElec)
You can survive without breathing.
You are immune to petrification.
You are immune to rotting.


Message History

You hit Urug.
Urug is heavily wounded.
Urug hits you with a great sword of flaming.
* * * LOW HITPOINT WARNING * * *
Your scale mail prevents you from hitting Urug.
Urug is heavily wounded.
Your scale mail prevents you from hitting Urug.
Urug is heavily wounded.
You hit Urug.
Urug is severely wounded.
Urug hits you with a great sword of flaming!
* * * LOW HITPOINT WARNING * * *
Urug burns you.
* * * LOW HITPOINT WARNING * * *
Your scale mail prevents you from hitting Urug.
Urug is severely wounded.
You slash Urug!
Urug is severely wounded.
Urug hits you with a great sword of flaming!!
You die...

♣♣♣♣♣......#.......
#.♣♣♣♣♣........#......[
#.....#####....#.......
#.....#...#....#.......
#.>...#...#....#.......
#(....#...#....#.......
#.((..#...#....#.......
#.....#...#....#.......
#...o@...'....#.......
#....#...#....#.......
#....#####....#.......
#.... .....###.....
#?.... .......#.....
#..... .......#.....
#..... ........#.....
+..... ###...######


You could see Urug.

Vanquished Creatures
  Gastronok (D:10)
  Erica (D:8)
  2 trolls (D:9)
  A spriggan (D:8)
  A wraith (D:10)
  Grum (D:8)
  Eustachio (D:5)
  A water moccasin (D:9)
  The ghost of Pasabolo the Digger, an amateur GrEE (D:5)
  Duvessa (D:7)
  2 phantoms
  5 sky beasts
  2 ice beasts
  3 orc warriors
  A necrophage (D:9)
  4 ogres
  6 centaurs
  4 wolves (D:8)
  A big kobold (D:9)
  5 bullfrogs
  A gnoll sergeant (D:8)
  Dowan (D:7)
  A scorpion (D:6)
  A howler monkey (D:5)
  A crimson imp (D:7)
  A bullfrog zombie (D:9)
  A centaur zombie (D:6)
  5 orc priests
  4 hounds
  9 orc wizards
  A quasit (D:9)
  Crazy Yiuf (D:6)
  A bullfrog skeleton (D:8)
  Jessica (D:3)
  4 iguanas
  7 worker ants
  A killer bee zombie (D:8)
  A hound skeleton (D:6)
  5 gnolls
  13 adders
  3 shadow imps
  4 oozes
  An adder skeleton (D:8)
  An adder zombie (D:6)
  3 worms
  4 leopard geckos
  30 orcs
  2 ball pythons (D:1)
  9 giant cockroaches
  3 goblins
  9 hobgoblins
  6 jackals
  12 kobolds
  A quokka (D:5)
  7 bats
  8 frilled lizards
  A leopard gecko skeleton (D:5)
  2 quokka zombies
  13 rats
  18 fungi
241 creatures vanquished.

Notes
Turn   | Place    | Note
-------+----------+-------------------------------------------
     0 | D:1      | nikopol the Gargoyle Berserker began the quest for the Orb.
     0 | D:1      | Reached XP level 1. HP: 14/14 MP: 1/1
   266 | D:1      | Reached XP level 2. HP: 17/19 MP: 2/2
   549 | D:1      | Reached XP level 3. HP: 16/24 MP: 3/3
   835 | D:2      | Reached ** piety under Trog
  1120 | D:2      | Reached XP level 4. HP: 29/29 MP: 4/4
  1702 | D:3      | Noticed Jessica
  1714 | D:3      | Killed Jessica
  1714 | D:3      | Reached XP level 5. HP: 26/34 MP: 5/5
  2062 | D:3      | Reached *** piety under Trog
  2374 | D:3      | Reached XP level 6. HP: 36/40 MP: 6/6
  2475 | D:3      | Reached skill level 5 in Fighting
  2892 | D:4      | Found a staircase to the Ecumenical Temple.
  2920 | D:4      | Reached XP level 7. HP: 5/44 MP: 7/7
  3279 | D:4      | You fall through a shaft for 3 floors!
  3582 | D:7      | Found Siofe's Distillery.
  3832 | D:7      | Reached skill level 1 in Bows
  4094 | D:7      | Noticed Duvessa
  4094 | D:7      | Noticed Dowan
  4105 | D:7      | Killed Duvessa
  4105 | D:7      | Reached XP level 8. HP: 48/51 MP: 8/8
  4119 | D:7      | Reached skill level 5 in Axes
  4141 | D:7      | Killed Dowan
  4255 | D:6      | Reached skill level 5 in Armour
  4659 | D:5      | Entered Level 5 of the Dungeon
  4763 | D:5      | Found Qot Goqo's Book Boutique.
  5020 | D:5      | Reached **** piety under Trog
  5119 | D:5      | Reached XP level 9. HP: 56/56 MP: 9/9
  5180 | D:5      | Noticed Pasabolo's ghost (amateur GrEE)
  5191 | D:5      | Killed Pasabolo's ghost
  5311 | D:5      | Noticed Eustachio
  5372 | D:5      | Killed Eustachio
  5989 | D:5      | Found a glowing silver altar of Zin.
  6352 | D:6      | Reached skill level 5 in Bows
  6391 | D:6      | Received a gift from Trog
  6629 | D:6      | Found a runed door.
  6633 | D:6      | Noticed Crazy Yiuf
  6639 | D:6      | Killed Crazy Yiuf
  6921 | D:7      | Noticed a moth of wrath
  6925 | D:7      | Found a bloodstained altar of Trog.
  7534 | D:7      | Reached skill level 5 in Dodging
  7568 | D:8      | Received a gift from Trog
  7568 | D:8      | Reached XP level 10. HP: 63/63 MP: 10/10
  7620 | D:8      | Noticed Grum
  7646 | D:8      | Killed Grum
  7993 | D:8      | Found Mouwicet's Distillery.
  8149 | D:8      | Noticed Erica
  8202 | D:8      | Killed Erica
  9480 | D:9      | Found a staircase to the Lair.
  9637 | D:9      | Found a burning altar of Makhleb.
  9638 | D:9      | Found an ancient bone altar of Kikubaaqudgha.
  9699 | D:9      | Found a shadowy altar of Dithmenos.
  9760 | D:9      | Received a gift from Trog
 10427 | D:10     | Entered Level 10 of the Dungeon
 10430 | D:10     | Noticed Gastronok
 10730 | D:10     | Killed Gastronok
 10730 | D:10     | Reached XP level 11. HP: 23/69 MP: 11/11
 10989 | D:10     | Noticed Urug
 11021 | D:10     | Slain by Urug

Skill      XL: |  1  2  3  4  5  6  7  8  9 10 |
---------------+-------------------------------+-----
Axes           | 3 4 5 7 8 |  8.9
Dodging        | 2 3 4 5 |  5.9
Fighting       | 4 5 6 7 8 |  8.4
Armour         | 3 4 5 6 7 |  7.6
Bows           | 1 4 5 7 |  7.9

Action                   |  1- 3 |  4- 6 |  7- 9 | 10-12 || total
-------------------------+-------+-------+-------+-------++-------
Melee: Hand axe          |   219 |   269 |   464 |   373 ||  1325
 Fire: Shortbow          |       |       |   190 |   127 ||   317
Invok: Berserk           |       |     2 |     3 |     6 ||    11
       Burn Spellbooks   |       |     1 |       |       ||     1
  Use: Scroll            |       |       |     2 |       ||     2
  Eat: Chunk             |     1 |     7 |    17 |    10 ||    35
       Royal jelly       |       |       |     1 |       ||     1
       Meat ration       |       |       |       |     1 ||     1
       Beef jerky        |       |       |       |     1 ||     1
Armor: Animal skin       |    40 |    57 |       |       ||    97
       Scale mail        |       |    66 |   394 |   201 ||   661
Dodge: Dodged            |    93 |   181 |   358 |   222 ||   854
